 Dungeon Crawl Stone Soup version 0.29.0-4-gdea44cf6ec (webtiles) character file.

Game seed: 3718940540372171661

407 qw the Chopper (level 6, -4/35 HPs)
             Began as a Tengu Warper on Aug 28, 2022.
             Killed from afar by Natasha (11 damage)
             ... with a magic dart
             ... on level 3 of the Dungeon.
             The game lasted 00:00:11 (2375 turns).

qw the Chopper (Tengu Warper)                       Turns: 2375, Time: 00:00:12

Health: -4/35      AC:  5    Str: 13    XL:     6   Next: 88%
Magic:  10/10      EV: 13    Int: 13    God:
Gold:   107        SH:  0    Dex: 14    Spells: 9/9 levels left

rFire   . . .      SeeInvis .   Y - +0 hand axe
rCold   . . .      Faith    .   (no shield)
rNeg    . . .      Spirit   .   j - +0 ring mail
rPois   .          Reflect  .   (helmet restricted)
rElec   .          Harm     .   (no cloak)
rCorr   .          Rampage  .   (no gloves)
Will    .....                   (boots unavailable)
Stlth   +.........              (no amulet)
HPRegen 0.11/turn               (no ring)
MPRegen 0.12/turn               (no ring)

@: flying quickly and evasively, quick
A: beak, talons 3, nimble flight
a: no special abilities


You were on level 3 of the Dungeon.
You visited 1 branch of the dungeon, and saw 3 of its levels.

You collected 107 gold pieces.


Innate Abilities, Weirdness & Mutations

You have a beak for a mouth.
You have claws for feet.
Your magical nature lets you fly swiftly and evasively.


   Skills:
 + Level 2.0 Fighting
 - Level 7.8 Axes
 - Level 1.0 Throwing
 - Level 1.1 Armour
 - Level 2.1 Dodging
 - Level 2.0 Spellcasting
 - Level 2.4 Translocations


You had 9 spell levels left.
You didn't know any spells.
Your spell library contained the following spells:

 Spells                   Type           Power      Damage    Failure   Level
 Blink                    Tloc           14%        N/A       30%         2
 Gell's Gravitas          Tloc           7%         N/A       52%         3
 Lesser Beckoning         Tloc           7%         N/A       52%         3
 Teleport Other           Tloc           7%         N/A       52%         3
 Manifold Assault         Tloc           7%         N/A       99%         5

Inventory:

Hand Weapons
 f - a +0 club
 Y - a +0 hand axe (weapon)
Armour
 j - a +0 ring mail (worn)
Potions
 d - a potion of curing {unknown}
 e - a potion of flight {unknown}
 h - a potion of invisibility {unknown}

Dungeon Overview and Level Annotations

Branches:
Dungeon (3/15)

Altars:

Annotations:
D:3 Ijyb, Natasha


Message History

You slash Grinder!
You kill Grinder!
You hit Ijyb but do no damage. Ijyb closely misses you.
Your Axes skill increases to level 7!
You have reached level 6!
You hit Ijyb but do no damage. Your kick misses Ijyb.
Ijyb is lightly wounded.
You hit the iron imp but do no damage. Ijyb misses you.
The iron imp barely misses you.
You hit Ijyb but do no damage.
Ijyb is lightly wounded.
You hit the iron imp but do no damage. You hit Natasha.
Natasha barely misses you. Ijyb hits you with a +0 club.
You barely miss Natasha. Your kick misses Natasha.
You peck Natasha, but do no damage.
Natasha is moderately wounded.
You closely miss the iron imp. You hit Ijyb but do no damage.
The iron imp closely misses you. Natasha claws you. Ijyb misses you.
You hit Natasha but do no damage. Your kick misses Natasha. You peck Natasha.
Natasha is heavily wounded.
You hit the iron imp. You hit Ijyb but do no damage.
The iron imp barely misses you. Natasha claws you but does no damage.
Ijyb hits you but does no damage.
You closely miss Natasha.
Natasha is heavily wounded.
You hit the iron imp but do no damage. You barely miss Ijyb.
You closely miss the shadow imp. Natasha claws you!
The shadow imp closely misses you. The iron imp closely misses you.
Ijyb hits you with a +0 club.
You hit Natasha.
Natasha is almost dead.
You barely miss the shadow imp. You barely miss the iron imp. You hit Ijyb.
The shadow imp barely misses you. Natasha claws you!
You closely miss Natasha.
Natasha is almost dead.
You hit the shadow imp. You barely miss the iron imp. You closely miss Ijyb.
Ijyb hits you but does no damage. The iron imp hits you.
Natasha stares at you and mumbles some strange words.
The magic dart hits you!
You die...

.## ## # #.# #.#
#.#.. #.#
#.#.###.#
......## #.....##
##..#...####
#5@.<.......
#....gh5#...####
.................
.#..####.##.#####
#. #.# .# .. #.#
.# . #.# # ..#


You could see Ijyb, an iron imp (summoned), Natasha and a shadow imp (summoned).

Vanquished Creatures
  Grinder (D:3)
  Sigmund (D:2)
  An adder (D:2)
  3 bats
  6 endoplasms
  3 giant cockroaches
  5 goblins
  7 hobgoblins
  2 jackals (D:1)
  8 kobolds
  3 quokkas
  4 ball pythons (D:1)
  A frilled lizard (D:1)
  5 rats
50 creatures vanquished.

Notes
Turn   | Place    | Note
-------+----------+-------------------------------------------
     0 | D:1      | qw the Tengu Warper began the quest for the Orb.
     0 | D:1      | Reached XP level 1. HP: 12/12 MP: 4/4
     0 | D:1      | 0 ||| qw: Version: 0.1-a-89-g26bdef1
     0 | D:1      | 0 ||| qw: Game counter: 2390
     0 | D:1      | 0 ||| qw: Always use a shield: true
     0 | D:1      | 0 ||| qw: God list: Okawaru
     0 | D:1      | 0 ||| qw: Allow faded altars: false
     0 | D:1      | 0 ||| qw: Do Orc after D:15 true
     0 | D:1      | 0 ||| qw: Do second Lair branch before Depths: true
     0 | D:1      | 0 ||| qw: Lair rune preference: random
     0 | D:1      | 0 ||| qw: Plans: Normal
     0 | D:1      | 0 ||| PLANNING D:1-11
   156 | D:1      | 156 ||| Stepping ~*~*~tactically~*~*~ (stealth).
   157 | D:1      | 157 ||| Stepping ~*~*~tactically~*~*~ (stealth).
   160 | D:1      | Reached XP level 2. HP: 17/17 MP: 6/6
   166 | D:1      | Reached skill level 3 in Axes
   590 | D:1      | Reached XP level 3. HP: 19/21 MP: 7/7
   892 | D:1      | 892 ||| UPGRADING to +0 ring mail.
   902 | D:1      | 902 ||| DROPPING +0 leather armour.
   903 | D:1      | 903 ||| READING scroll labelled TATEME KASKAE.
   904 | D:1      | 904 ||| READING scroll labelled FICOUL ITIEHY.
   905 | D:1      | 905 ||| READING scroll labelled RYQOTO UFERUGASH.
   906 | D:1      | 906 ||| DROPPING scroll of blinking.
   995 | D:2      | 995 ||| STAIRDANCE
  1001 | D:2      | 1001 ||| STAIRDANCE
  1063 | D:2      | Reached skill level 4 in Axes
  1065 | D:2      | 1065 ||| STAIRDANCE
  1479 | D:2      | 1479 ||| Stepping ~*~*~tactically~*~*~ (stealth).
  1499 | D:2      | Found a faded altar of an unknown god.
  1509 | D:2      | 1509 ||| Stepping ~*~*~tactically~*~*~ (stealth).
  1510 | D:2      | 1510 ||| Stepping ~*~*~tactically~*~*~ (stealth).
  1513 | D:2      | 1513 ||| Stepping ~*~*~tactically~*~*~ (stealth).
  1514 | D:2      | 1514 ||| Stepping ~*~*~tactically~*~*~ (stealth).
  1554 | D:2      | Reached XP level 4. HP: 26/26 MP: 8/8
  1699 | D:2      | Noticed Sigmund
  1700 | D:2      | 1700 ||| Stepping ~*~*~tactically~*~*~ (stealth).
  1701 | D:2      | 1701 ||| Stepping ~*~*~tactically~*~*~ (stealth).
  1703 | D:2      | 1703 ||| Stepping ~*~*~tactically~*~*~ (hiding).
  1720 | D:2      | HP: 4/26 [frozen (3)]
  1722 | D:2      | Killed Sigmund
  1723 | D:2      | Reached skill level 6 in Axes
  1723 | D:2      | Gained mutation: Your magical nature lets you fly swiftly
                  | and evasively. [Tengu growth]
  1723 | D:2      | Reached XP level 5. HP: 5/30 MP: 9/9
  2231 | D:2      | 2231 ||| DRINKING 2 green potions.
  2245 | D:3      | Noticed Grinder
  2247 | D:3      | Noticed Ijyb
  2247 | D:3      | 2247 ||| STAIRDANCE
  2360 | D:3      | Noticed Natasha
  2366 | D:3      | HP: 5/30 [Ijyb/+0 club (5)]
  2367 | D:3      | 2367 ||| DRINKING potion of heal wounds.
  2368 | D:3      | Killed Grinder
  2369 | D:3      | Reached skill level 7 in Axes
  2369 | D:3      | Reached XP level 6. HP: 32/35 MP: 10/10
  2375 | D:3      | HP: 7/35 [iron imp[Natasha] (6)]
  2375 | D:3      | Killed from afar by Natasha

Levels and vault maps discovered:
D:1:      lightli_arrival_maybe_door_vault, layout_loops_ring
D:2:      layout_basic, basic_ecumenical_altar, hangedman_feature_mirror,
          uniq_sigmund
D:3:      layout_loops_ring, lemuel_round_altar, uniq_jessica, uniq_natasha,
          uniq_grinder, uniq_ijyb

Skill      XL: |  1  2  3  4  5 |
---------------+----------------+-----
Axes           | 3 4 6 7 |  7.8
Fighting       | |  2.0
Throwing       | |  1.0
Armour         | |  1.1
Dodging        | |  2.1
Spellcasting   | |  2.0
Translocations | |  2.4

Action                   |  1- 3 |  4- 6 || total
-------------------------+-------+-------++-------
Melee: Hand axe          |    94 |    47 ||   141
       Peck              |    12 |     9 ||    21
       Kick              |    22 |     8 ||    30
       Punch             |       |     1 ||     1
Throw: Boomerang         |     7 |       ||     7
  Use: Scroll            |     3 |       ||     3
       Potion            |       |     2 ||     2
Armor: Leather armour    |    11 |       ||    11
       Ring mail         |    16 |    17 ||    33
Dodge: Dodged            |    41 |    32 ||    73

Table legend:
 A = Non-vault XP
 B = Vault XP
 C = Vault XP percentage of total XP
 D = Non-vault monster count
 E = Vault monster count
 F = Vault count percentage of total count
                 A         B        C        D         E       F
            +---------+---------+-------+---------+---------+-------
      Total |      85 |     497 |  85.4 |      44 |       6 |  12.0
            +---------+---------+-------+---------+---------+-------
        D:1 |      43 |       1 |   2.3 |      26 |       1 |   3.7
        D:2 |      42 |     219 |  83.9 |      18 |       4 |  18.2
        D:3 |       0 |     277 | 100.0 |       0 |       1 | 100.0
            +---------+---------+-------+---------+---------+-------
